| TOP OF THE 1ST |
|
Pensacola Blue Wahoos batting - Pitching for Harrisburg Senators : LHP Manny Ruiz
|
|
Pitching: LHP Manny Ruiz
|
|
|
Batting: RHB Solange Le Coq
|
0-0: Ball 1-0: Ball 2-0: Bunt missed! 2-1: SINGLE (Groundball, 6, EV 100.0 MPH)
|
|
Batting: RHB Jose Nunez
|
0-0: Ball 1-0: Ball 2-0: Ball 3-0: Base on Balls Solange Le Coq to second
|
|
Batting: LHB Jamie Spangenberg
|
0-0: Ball 1-0: Called Strike 1-1: Ball Wild Pitch! Solange Le Coq to third Jose Nunez to second 2-1: Fly out, F9 (Flyball, 89M, EV 95.0 MPH) Runner from 3rd tags up, SCORES, no throw by RF
|
|
Batting: RHB Randy Grewe
|
0-0: Fly out, F9 (Flyball, 9LD, EV 109.4 MPH)
|
|
Batting: RHB Dinand Brouwer
|
0-0: Called Strike 0-1: Swinging Strike 0-2: Ball 1-2: Strikes out swinging
|
| Top of the 1st over - 1 run, 1 hit, 0 errors, 1 left on base; Pensacola 1 - Harrisburg 0 |
| BOTTOM OF THE 1ST |
|
Harrisburg Senators batting - Pitching for Pensacola Blue Wahoos : RHP Narciso Umbelino
|
|
Pitching: RHP Narciso Umbelino
|
|
|
Batting: RHB Pat Barton
|
0-0: Ball 1-0: Fly out, F8 (Flyball, 8LD, EV 83.8 MPH)
|
|
Batting: RHB Er Le
|
0-0: Called Strike 0-1: Foul Ball, location: 2F 0-2: Ball 1-2: Ball 2-2: Ball 3-2: Foul Ball, location: 2F 3-2: Foul Ball, location: 2F 3-2: Strikes out swinging
|
|
Batting: LHB Doug Anderson
|
0-0: Reached on error, E4 (Groundball, 4, EV 86.2 MPH)
|
|
Batting: LHB Chance McWilliams
|
0-0: Called Strike 0-1: Ball 1-1: Fly out, F3 (Line Drive, 3L, EV 69.4 MPH)
|
| Bottom of the 1st over - 0 runs, 0 hits, 1 error, 1 left on base; Pensacola 1 - Harrisburg 0 |
| TOP OF THE 2ND |
|
Pensacola Blue Wahoos batting - Pitching for Harrisburg Senators : LHP Manny Ruiz
|
|
Batting: RHB Mark Williams
|
0-0: Ball 1-0: Foul Ball, location: 2F 1-1: Foul Ball, location: 2F 1-2: SINGLE (Groundball, 4MS, EV 69.4 MPH) (infield hit)
|
|
Batting: RHB Jon Marquez
|
0-0: Called Strike 0-1: SINGLE (Groundball, 6M, EV 88.1 MPH) (infield hit) Mark Williams to second
|
|
Batting: RHB Armando Moz
|
0-0: Ball 1-0: Ball 2-0: Ball 3-0: Called Strike 3-1: DOUBLE (Line Drive, 78D, EV 103.1 MPH) Mark Williams scores Jon Marquez to third Runner from 3rd tries for Home, SAFE, throw by LF to home
|
|
Batting: LHB Brandon Sarni
|
0-0: Called Strike 0-1: Called Strike 0-2: Ball 1-2: Strikes out looking
|
|
Batting: RHB Solange Le Coq
|
0-0: Foul Ball, location: 2F 0-1: Ball 1-1: SINGLE (Line Drive, 6MD, EV 110.0 MPH) Armando Moz to third
|
|
Batting: RHB Jose Nunez
|
0-0: Called Strike 0-1: Ball Solange Le Coq steals 2nd base (no throw) 1-1: Ground out 5-3 (Groundball, 5L, EV 102.5 MPH) Armando Moz scores
|
|
Batting: LHB Jamie Spangenberg
|
0-0: Fly out, F8 (Flyball, 78D, EV 86.2 MPH)
|
| Top of the 2nd over - 3 runs, 4 hits, 0 errors, 1 left on base; Pensacola 4 - Harrisburg 0 |
| BOTTOM OF THE 2ND |
|
Harrisburg Senators batting - Pitching for Pensacola Blue Wahoos : RHP Narciso Umbelino
|
|
Batting: RHB Bobby Bricker
|
0-0: Ball 1-0: Ball 2-0: Ball 3-0: Base on Balls
|
|
Batting: LHB Vince McLane
|
0-0: Ball 1-0: Ball 2-0: Called Strike Bobby Bricker steals 2nd base (no throw) 2-1: Called Strike 2-2: Ball 3-2: Base on Balls
|
|
Batting: RHB Dave Brabo
|
0-0: Called Strike 0-1: Ball 1-1: Fielders Choice at 2nd, 3-6 (Groundball, 34S, EV 90.6 MPH) Bobby Bricker to third
|
|
Batting: SHB Curtis DeLille
|
Balk! Bobby Bricker scores Dave Brabo to second 0-0: Ball 1-0: Swinging Strike 1-1: Foul Ball, location: 2F 1-2: Foul Ball, location: 2F 1-2: Foul Ball, location: 2F 1-2: Ball 2-2: Ball 3-2: SINGLE (Groundball, 4D, EV 105.6 MPH) Dave Brabo to third
|
|
Batting: RHB Jelexiz Cuenca
|
0-0: Ball 1-0: Ball 2-0: Called Strike 2-1: Swinging Strike 2-2: Strikes out swinging
|
|
Batting: RHB Pat Barton
|
0-0: Reached on error, E5 (Groundball, 56, EV 89.4 MPH) Dave Brabo scores Curtis DeLille to second
|
|
Batting: RHB Er Le
|
0-0: Called Strike 0-1: Ball 1-1: Called Strike 1-2: Strikes out swinging
|
| Bottom of the 2nd over - 2 runs, 1 hit, 1 error, 2 left on base; Pensacola 4 - Harrisburg 2 |
| TOP OF THE 3RD |
|
Pensacola Blue Wahoos batting - Pitching for Harrisburg Senators : LHP Manny Ruiz
|
|
Batting: RHB Randy Grewe
|
0-0: Foul Ball, location: 2F 0-1: Swinging Strike 0-2: Foul Ball, location: 2F 0-2: Ball 1-2: DOUBLE (Groundball, 5L, EV 94.4 MPH)
|
|
Batting: RHB Dinand Brouwer
|
0-0: Called Strike 0-1: Foul Ball, location: 2F 0-2: Strikes out swinging
|
|
Batting: RHB Mark Williams
|
0-0: SINGLE (Groundball, 6MD, EV 95.6 MPH) Randy Grewe to third Runner from 3rd tries for Home, SAFE, throw by CF to home Mark Williams to second
|
|
Batting: RHB Jon Marquez
|
0-0: Called Strike 0-1: Ball 1-1: Swinging Strike 1-2: Ball 2-2: Strikes out looking
|
|
Batting: RHB Armando Moz
|
0-0: Called Strike 0-1: Ground out 5-3 (Groundball, 5, EV 100.6 MPH)
|
| Top of the 3rd over - 1 run, 2 hits, 0 errors, 1 left on base; Pensacola 5 - Harrisburg 2 |
| BOTTOM OF THE 3RD |
|
Harrisburg Senators batting - Pitching for Pensacola Blue Wahoos : RHP Narciso Umbelino
|
|
Batting: LHB Doug Anderson
|
0-0: Ball 1-0: Called Strike 1-1: Called Strike 1-2: Foul Ball, location: 2F 1-2: Foul Ball, location: 2F 1-2: Strikes out swinging
|
|
Batting: LHB Chance McWilliams
|
0-0: Called Strike 0-1: Ball 1-1: Ball 2-1: Ball 3-1: Ground out U3 (Groundball, 3, EV 83.1 MPH)
|
|
Batting: RHB Bobby Bricker
|
0-0: Called Strike 0-1: Called Strike 0-2: Ball 1-2: Strikes out looking
|
| Bottom of the 3rd over - 0 runs, 0 hits, 0 errors, 0 left on base; Pensacola 5 - Harrisburg 2 |
| TOP OF THE 4TH |
|
Pensacola Blue Wahoos batting - Pitching for Harrisburg Senators : LHP Manny Ruiz
|
|
Pitching: RHP Luis Astudillo
|
|
|
Batting: LHB Brandon Sarni
|
0-0: DOUBLE (Line Drive, 78XD, EV 105.0 MPH)
|
|
Batting: RHB Solange Le Coq
|
0-0: Ball 1-0: Called Strike 1-1: Ball 2-1: Foul Ball, location: 2F 2-2: Fly out, F8 (Flyball, 89M, EV 84.4 MPH)
|
|
Batting: RHB Jose Nunez
|
0-0: Ball 1-0: SINGLE (Groundball, 6MD, EV 99.4 MPH) Brandon Sarni to third Runner from 3rd tries for Home, SAFE, throw by CF to home Jose Nunez to second
|
|
Batting: LHB Jamie Spangenberg
|
0-0: Ball 1-0: Called Strike 1-1: Ball 2-1: Ball 3-1: Called Strike 3-2: Strikes out swinging, 2-3 out at first.
|
|
Batting: RHB Randy Grewe
|
0-0: Ball 1-0: Ball Wild Pitch! Jose Nunez to third 2-0: Fly out, F7 (Line Drive, 7, EV 90.0 MPH)
|
| Top of the 4th over - 1 run, 2 hits, 0 errors, 1 left on base; Pensacola 6 - Harrisburg 2 |
| BOTTOM OF THE 4TH |
|
Harrisburg Senators batting - Pitching for Pensacola Blue Wahoos : RHP Narciso Umbelino
|
|
Batting: LHB Vince McLane
|
0-0: SINGLE (Groundball, 4, EV 107.5 MPH)
|
|
Batting: RHB Dave Brabo
|
0-0: Ball 1-0: Ball 2-0: Called Strike 2-1: Foul Ball, location: 2F 2-2: Foul Ball, location: 2F 2-2: Foul Ball, location: 2F 2-2: Ball 3-2: Base on Balls Vince McLane to second
|
|
Batting: SHB Curtis DeLille
|
0-0: Ball 1-0: Ball 2-0: Called Strike 2-1: Called Strike 2-2: Ball 3-2: Strikes out looking
|
|
Batting: RHB Jelexiz Cuenca
|
0-0: Foul Ball, location: 2F 0-1: Ball 1-1: Ball 2-1: Ball 3-1: Base on Balls Vince McLane to third Dave Brabo to second
|
|
Batting: RHB Pat Barton
|
0-0: Fielders Choice at 2nd, 3-6 (Groundball, 34, EV 108.1 MPH) Vince McLane scores Dave Brabo to third
|
|
Batting: RHB Er Le
|
0-0: Ball 1-0: Ball 2-0: Fielders Choice at 2nd, 5-4 (Groundball, 56, EV 105.0 MPH)
|
| Bottom of the 4th over - 1 run, 1 hit, 0 errors, 2 left on base; Pensacola 6 - Harrisburg 3 |
| TOP OF THE 5TH |
|
Pensacola Blue Wahoos batting - Pitching for Harrisburg Senators : RHP Luis Astudillo
|
|
Batting: RHB Dinand Brouwer
|
0-0: Foul Ball, location: 2F 0-1: Ground out 6-3 (Groundball, 6, EV 102.5 MPH)
|
|
Batting: RHB Mark Williams
|
0-0: Ball 1-0: Ball 2-0: Called Strike 2-1: Foul Ball, location: 2F 2-2: Foul Ball, location: 2F 2-2: Strikes out looking
|
|
Batting: RHB Jon Marquez
|
0-0: Called Strike 0-1: Swinging Strike 0-2: Ball 1-2: Ball 2-2: Ground out 6-3 (Groundball, 6M, EV 101.9 MPH)
|
| Top of the 5th over - 0 runs, 0 hits, 0 errors, 0 left on base; Pensacola 6 - Harrisburg 3 |
| BOTTOM OF THE 5TH |
|
Harrisburg Senators batting - Pitching for Pensacola Blue Wahoos : RHP Narciso Umbelino
|
|
Batting: LHB Doug Anderson
|
0-0: Ball 1-0: Swinging Strike 1-1: Foul Ball, location: 2F 1-2: Foul Ball, location: 2F 1-2: Strikes out swinging
|
|
Batting: LHB Chance McWilliams
|
0-0: Called Strike 0-1: Fly out, F3 (Line Drive, 34, EV 72.5 MPH)
|
|
Batting: RHB Bobby Bricker
|
0-0: Ball 1-0: Called Strike 1-1: Called Strike 1-2: Strikes out swinging
|
| Bottom of the 5th over - 0 runs, 0 hits, 0 errors, 0 left on base; Pensacola 6 - Harrisburg 3 |
| TOP OF THE 6TH |
|
Pensacola Blue Wahoos batting - Pitching for Harrisburg Senators : RHP Luis Astudillo
|
|
Batting: RHB Armando Moz
|
0-0: Ball 1-0: Ground out 6-3 (Groundball, 56D, EV 90.6 MPH)
|
|
Batting: LHB Brandon Sarni
|
0-0: Ground out U3 (Groundball, 34, EV 87.5 MPH)
|
|
Batting: RHB Solange Le Coq
|
0-0: SOLO HOME RUN (Flyball, 7D, EV 100.6 MPH), Distance : 414 ft
|
|
Batting: RHB Jose Nunez
|
0-0: Ball 1-0: Fly out, F7 (Flyball, 7D, EV 88.8 MPH)
|
| Top of the 6th over - 1 run, 1 hit, 0 errors, 0 left on base; Pensacola 7 - Harrisburg 3 |
| BOTTOM OF THE 6TH |
|
Harrisburg Senators batting - Pitching for Pensacola Blue Wahoos : RHP Narciso Umbelino
|
|
Batting: LHB Vince McLane
|
0-0: Called Strike 0-1: Swinging Strike 0-2: Ball 1-2: Fly out, F7 (Flyball, 78M, EV 85.6 MPH)
|
|
Batting: RHB Dave Brabo
|
0-0: Ball 1-0: Foul Ball, location: 2F 1-1: Ball 2-1: Called Strike 2-2: Fly out, F8 (Flyball, 89M, EV 95.6 MPH)
|
|
Batting: SHB Curtis DeLille
|
0-0: Ball 1-0: Called Strike 1-1: Ball 2-1: Foul Ball, location: 2F 2-2: Strikes out swinging
|
| Bottom of the 6th over - 0 runs, 0 hits, 0 errors, 0 left on base; Pensacola 7 - Harrisburg 3 |
| TOP OF THE 7TH |
|
Pensacola Blue Wahoos batting - Pitching for Harrisburg Senators : RHP Luis Astudillo
|
|
Pitching: RHP Matt Seivert
|
|
|
Batting: LHB Jamie Spangenberg
|
0-0: Called Strike 0-1: Fly out, F8 (Flyball, 8RM, EV 96.9 MPH)
|
|
Batting: RHB Randy Grewe
|
0-0: Called Strike 0-1: Fly out, F5 (Popup, 56, EV 78.1 MPH)
|
|
Batting: RHB Dinand Brouwer
|
0-0: Hit by Pitch
|
|
Batting: RHB Mark Williams
|
0-0: SINGLE (Flyball, 5D, EV 88.8 MPH) Dinand Brouwer to second
|
|
Batting: RHB Jon Marquez
|
0-0: Called Strike 0-1: Ball 1-1: Ball 2-1: Swinging Strike 2-2: Ball 3-2: Strikes out swinging
|
| Top of the 7th over - 0 runs, 1 hit, 0 errors, 2 left on base; Pensacola 7 - Harrisburg 3 |
| BOTTOM OF THE 7TH |
|
Harrisburg Senators batting - Pitching for Pensacola Blue Wahoos : RHP Narciso Umbelino
|
|
Pitching: LHP Davy Thorne
|
|
|
Batting: RHB Jelexiz Cuenca
|
0-0: Ball 1-0: Called Strike 1-1: Ball 2-1: Fly out, F8 (Flyball, 8RD, EV 90.6 MPH)
|
|
Batting: RHB Pat Barton
|
0-0: Swinging Strike 0-1: Called Strike 0-2: Ball 1-2: Ball 2-2: Ball 3-2: Base on Balls
|
|
Batting: RHB Er Le
|
0-0: Fly out, F7 (Line Drive, 7S, EV 98.1 MPH)
|
|
Batting: LHB Doug Anderson
|
0-0: Foul Ball, location: 2F 0-1: Swinging Strike 0-2: SINGLE (Line Drive, 89M, EV 94.4 MPH) Pat Barton to second Runner from 2nd tries for 3rd, SAFE, throw by RF made to third Doug Anderson to second
|
|
Batting: LHB Chance McWilliams
|
0-0: Foul Ball, location: 2F 0-1: Foul Ball, location: 2F 0-2: Ball 1-2: Strikes out swinging
|
| Bottom of the 7th over - 0 runs, 1 hit, 0 errors, 2 left on base; Pensacola 7 - Harrisburg 3 |
| TOP OF THE 8TH |
|
Pensacola Blue Wahoos batting - Pitching for Harrisburg Senators : RHP Matt Seivert
|
|
Batting: RHB Armando Moz
|
0-0: SINGLE (Groundball, 6D, EV 106.2 MPH)
|
|
DELAY
|
Rain delay of 50 minutes in the 8th inning.
|
|
Batting: LHB Brandon Sarni
|
0-0: Called Strike 0-1: Grounds into double play, 6-4-3 (Groundball, 6, EV 87.5 MPH)
|
|
Batting: RHB Solange Le Coq
|
0-0: Foul Ball, location: 2F 0-1: Ball 1-1: Foul Ball, location: 2F 1-2: SINGLE (Line Drive, 8LS, EV 98.1 MPH)
|
|
Batting: RHB Jose Nunez
|
0-0: Ball Solange Le Coq steals 2nd base (no throw) 1-0: Ball 2-0: Swinging Strike 2-1: Ball 3-1: Base on Balls
|
|
Batting: LHB Jamie Spangenberg
|
0-0: Foul Ball, location: 2F 0-1: Ball 1-1: Foul Ball, location: 2F 1-2: Strikes out looking
|
| Top of the 8th over - 0 runs, 2 hits, 0 errors, 2 left on base; Pensacola 7 - Harrisburg 3 |
| BOTTOM OF THE 8TH |
|
Harrisburg Senators batting - Pitching for Pensacola Blue Wahoos : LHP Davy Thorne
|
|
Pitching: RHP Dave Kurtz
|
|
|
Batting: RHB Bobby Bricker
|
0-0: Ball 1-0: Ball 2-0: Foul Ball, location: 2F 2-1: Called Strike 2-2: Foul Ball, location: 2F 2-2: Ball 3-2: Strikes out swinging
|
|
Batting: LHB Vince McLane
|
0-0: Called Strike 0-1: Foul Ball, location: 2F 0-2: Ball 1-2: SINGLE (Groundball, 4D, EV 104.4 MPH)
|
|
Batting: RHB Dave Brabo
|
0-0: Grounds out, U3 (Groundball, 3L, EV 95.0 MPH)
|
|
Batting: SHB Curtis DeLille
|
0-0: Ball 1-0: Called Strike 1-1: SINGLE (Line Drive, 34D, EV 95.0 MPH) Vince McLane to third Runner from 3rd tries for Home, SAFE, throw by RF to home
|
|
Batting: RHB Jelexiz Cuenca
|
0-0: Fly out, F8 (Flyball, 89M, EV 85.6 MPH)
|
| Bottom of the 8th over - 1 run, 2 hits, 0 errors, 1 left on base; Pensacola 7 - Harrisburg 4 |
| TOP OF THE 9TH |
|
Pensacola Blue Wahoos batting - Pitching for Harrisburg Senators : RHP Matt Seivert
|
|
Pitching: RHP David Koski
|
|
|
Batting: RHB Randy Grewe
|
0-0: Ball 1-0: Ball 2-0: Called Strike 2-1: Foul Ball, location: 2F 2-2: Strikes out swinging
|
|
Batting: RHB Dinand Brouwer
|
0-0: Called Strike 0-1: Swinging Strike 0-2: Ball 1-2: Hit by Pitch
|
|
Batting: RHB Mark Williams
|
0-0: Called Strike 0-1: Called Strike 0-2: Strikes out looking
|
|
Batting: RHB Jon Marquez
|
0-0: Fly out, F5 (Popup, 5SF, EV 66.2 MPH)
|
| Top of the 9th over - 0 runs, 0 hits, 0 errors, 1 left on base; Pensacola 7 - Harrisburg 4 |
| BOTTOM OF THE 9TH |
|
Harrisburg Senators batting - Pitching for Pensacola Blue Wahoos : RHP Dave Kurtz
|
|
Pitching: RHP Damian Molina
|
|
|
Batting: RHB Pat Barton
|
0-0: Ball 1-0: Ball 2-0: Swinging Strike 2-1: Ball 3-1: Called Strike 3-2: Ground out 5-3 (Groundball, 56, EV 102.5 MPH)
|
|
Batting: RHB Er Le
|
0-0: Ball 1-0: SINGLE (Groundball, 6MS, EV 66.2 MPH) (infield hit)
|
|
Batting: LHB Doug Anderson
|
0-0: Ball 1-0: Swinging Strike 1-1: Called Strike 1-2: Ball 2-2: Foul Ball, location: 2F 2-2: Ball 3-2: Strikes out looking
|
|
Batting: LHB Chance McWilliams
|
0-0: Ball 1-0: Called Strike 1-1: Foul Ball, location: 2F 1-2: Strikes out looking
|
| Bottom of the 9th over - 0 runs, 1 hit, 0 errors, 1 left on base; Pensacola 7 - Harrisburg 4 |
|